 Dungeon Crawl Stone Soup version 0.24.1-8-ga250c9d538 (webtiles) character file.

Game seed: 14314070570643052121, levelgen mode: deterministic

466 lepoulpe303 the Insei (level 6, -5/50 HPs)
             Began as a Draconian Transmuter on Apr 28, 2020.
             Slain by an orc warrior
             ... wielding a +0 flail
              (16 damage)
             ... on level 4 of the Dungeon.
             The game lasted 00:15:55 (4065 turns).

lepoulpe303 the Insei (Draconian Transmuter)        Turns: 4065, Time: 00:15:56

Health: -5/50      AC:  6    Str: 12    XL:     6   Next: 81%
Magic:  4/12       EV: 13    Int: 15    God:
Gold:   155        SH:  0    Dex: 12    Spells: 6/12 levels left

rFire    . . .     SeeInvis .     - Unarmed
rCold    . . .     Gourm    .   (no shield)
rNeg     . . .     Faith    .   (armour unavailable)
rPois    .         Spirit   .   (helmet restricted)
rElec    .         Reflect  .   p - scarf {repulsion}
rCorr    .         Harm     .   (no gloves)
MR       .....                  (boots currently unavailable)
Stlth    ++........             (no amulet)
HPRegen  0.16/turn              (no ring)
MPRegen  0.13/turn              (no ring)

@: appendage (expiring), very slightly contaminated, repel missiles
A: unfitting armour, talons 3, camouflage 1, high mp 1, cold-blooded, AC +6
a: End Transformation


You were on level 4 of the Dungeon.
You were not hungry.
You had grown temporary talons.
You visited 1 branch of the dungeon, and saw 4 of its levels.

You collected 155 gold pieces.

Inventory:

Missiles
 j - 2 silver boomerangs (quivered)
 l - 29 poisoned darts
 Q - 14 arrows
Armour
 f - a scarf of repulsion
 p - a scarf of repulsion (worn)
Jewellery
 c - a +2 ring of dexterity {unknown}
Wands
 k - a wand of clouds (2)
Scrolls
 g - 2 scrolls of fear
 h - a scroll of amnesia
 o - 3 scrolls of immolation {!r}
 t - 2 scrolls of teleportation
Potions
 b - a potion of haste {unknown}
 d - a potion of curing {unknown}
 i - a potion of lignification {unknown}
 m - a potion of agility {unknown}
Comestibles
 a - 10 chunks of flesh
 e - 11 rations


   Skills:
 + Level 2.6 Fighting
 + Level 2.7 Dodging
 * Level 4.4 Unarmed Combat
 * Level 3.6 Spellcasting
 * Level 3.9 Transmutations
 + Level 1.8 Poison Magic


You had 6 spell levels left.
You knew the following spells:

 Your Spells              Type           Power        Failure   Level  Hunger
a - Beastly Appendage     Tmut           ##....       3%          1    None
c - Spider Form           Tmut/Pois      ##........   17%         3    ###....
s - Sticks to Snakes      Tmut           ##......     5%          2    ##.....

Your spell library contained the following spells:

 Spells                   Type           Power        Failure   Level  Hunger
 Corona                   Hex            #......      19%         1    None
 Ensorcelled Hibernation  Hex/Ice        #.....       28%         2    ##.....
 Confuse                  Hex            #.......     50%         3    ###....
 Dazzling Spray           Conj/Hex       #.....       50%         3    ###....
 Tukima's Dance           Hex            #.......     50%         3    ###....
 Ice Form                 Ice/Tmut       #.......     63%         4    ####...
 Blade Hands              Tmut           ##........   71%         5    ######.


Dungeon Overview and Level Annotations

Branches:
Dungeon (4/15)
 Temple: D:4-7

Altars:


Innate Abilities, Weirdness & Mutations

Your plain brown scales are hard. (AC +6)
You cannot fit into any form of body armour.
You are cold-blooded and may be slowed by cold attacks.
You have claws for feet.
Your skin changes colour to match your surroundings (Stealth+).
You have an increased reservoir of magic. (+10% MP)


Message History

* * * LOW HITPOINT WARNING * * *
Your ball python constricts the orc warrior.
You take 5 damage, and have 30/50 hp.
You hit the orc warrior but do no damage.
The orc warrior hits you with a +0 flail!
* * * LOW HITPOINT WARNING * * *
Your ball python constricts the orc warrior.
You take 6 damage, and have 24/50 hp.
You hit the orc warrior but do no damage.
You claw the orc warrior.
Your ball python constricts the orc warrior.
The orc warrior hits you with a +0 flail!
* * * LOW HITPOINT WARNING * * *
You take 13 damage, and have 11/50 hp.
MASSIVE DAMAGE!!
You create a snake!
You now have 14 arrows.
* * * LOW MAGIC WARNING * * *
Your ball python constricts the orc warrior.
The orc warrior hits you with a +0 flail!
You die...

.......))).# #.#'###
......#)##+## #.....#
##### #.....# ###.###
#.....# #...# # #.....#
#.##### #.....# #.....#
######.....## #####.#
#.....S.....# #...#
#..S)@......######'###
#...o)......##........
#...........##........
#........>..##........
.............##........
...............##........
...............##........
.......##########........
....... #........


You could see an orc warrior, a friendly adder and a friendly ball python.

Levels and vault maps discovered:
D:1:      dpeg_arrival_tiny_d, layout_loops_cross
D:2:      layout_loops_corners, uniq_natasha
D:3:      layout_rooms, first_ration
D:4:      layout_basic

Notes
Turn   | Place    | Note
-------+----------+-------------------------------------------
     0 | D:1      | lepoulpe303 the Draconian Transmuter began the quest for
                  | the Orb.
     0 | D:1      | Reached XP level 1. HP: 16/16 MP: 3/3
     0 | D:1      | Identified a +0 dagger
    82 | D:1      | Identified a +0 dagger
   164 | D:1      | Identified a +0 club
   181 | D:1      | Reached XP level 2. HP: 22/23 MP: 5/5
   185 | D:1      | Learned a level 2 spell: Sticks to Snakes
   204 | D:1      | Identified a +0 club
   378 | D:1      | Identified a +0 club
   570 | D:1      | Identified a +0 club
   681 | D:1      | Reached XP level 3. HP: 25/28 MP: 6/6
   686 | D:1      | Learned a level 3 spell: Spider Form
   717 | D:1      | Identified a +0 club
   721 | D:1      | Reached skill level 2 in Dodging
   908 | D:2      | Identified a +0 dagger
   908 | D:2      | Identified a +0 hunting sling
   942 | D:2      | HP: 7/29 [poisoned by an adder]
   948 | D:2      | HP: 5/29 [poisoned by an adder]
   952 | D:2      | Identified a potion of mutation
   952 | D:2      | Gained mutation: Your magical capacity is low. (-10% MP)
                  | [potion of mutation]
   952 | D:2      | Gained mutation: Your large and strong wings let you fly
                  | indefinitely. [potion of mutation]
   954 | D:2      | HP: 3/29 [poisoned by an adder]
   962 | D:2      | HP: 2/29 [poisoned by an adder]
  1002 | D:2      | Identified a +0 dagger
  1013 | D:2      | HP: 5/29 [goblin/+0 dagger (1)]
  1020 | D:2      | HP: 3/29 [goblin/+0 dagger (1)]
  1081 | D:2      | HP: 4/29 [adder (5)]
  1089 | D:2      | HP: 1/29 [poisoned by an adder]
  1642 | D:2      | Noticed Natasha
  1642 | D:2      | Identified a +0 short sword
  1653 | D:2      | Killed Natasha
  1653 | D:2      | Reached XP level 4. HP: 24/36 MP: 1/7
  1842 | D:2      | Identified a cursed -2 dagger
  1842 | D:2      | Identified a +0 hunting sling
  1851 | D:2      | Noticed Natasha
  1882 | D:2      | Identified a +0 dagger
  1892 | D:2      | HP: 8/36 [Natasha (5)]
  1898 | D:2      | Killed Natasha
  2165 | D:2      | Identified a +0 club
  2307 | D:2      | Reached skill level 2 in Fighting
  2467 | D:2      | Identified a +0 dagger
  2467 | D:2      | Identified a +0 hunting sling
  2484 | D:2      | Reached skill level 3 in Transmutations
  2627 | D:2      | Identified 4 scrolls of immolation
  2628 | D:2      | Identified 2 scrolls of fear
  2629 | D:2      | Identified a scroll of amnesia
  2630 | D:2      | Identified a scroll of fog
  2631 | D:2      | Identified a scroll of remove curse
  2632 | D:2      | Identified a scroll of random uselessness
  2633 | D:2      | Identified a scroll of teleportation
  2634 | D:2      | Identified a scroll of blinking
  2635 | D:2      | Identified a scroll of enchant armour
  2636 | D:2      | Identified a scroll of identify
  2636 | D:2      | Identified a scarf of repulsion (You found it on level 2 of
                  | the Dungeon)
  2748 | D:3      | Identified a +0 club
  2748 | D:3      | Identified a +0 scale mail
  2790 | D:3      | Identified a +0 short sword
  2994 | D:3      | Reached XP level 5. HP: 40/41 MP: 8/8
  3193 | D:4      | Identified a +0 spear
  3195 | D:4      | Identified a +0 spear
  3196 | D:4      | Identified a +0 club
  3439 | D:4      | Reached skill level 3 in Spellcasting
  3439 | D:4      | Reached skill level 1 in Poison Magic
  3461 | D:4      | Lost mutation: Your magical capacity is low. (-10% MP)
                  | [potion of mutation]
  3461 | D:4      | Lost mutation: Your large and strong wings let you fly
                  | indefinitely. [potion of mutation]
  3461 | D:4      | Gained mutation: Your skin changes colour to match your
                  | surroundings (Stealth+). [potion of mutation]
  3461 | D:4      | Gained mutation: You have an increased reservoir of magic.
                  | (+10% MP) [potion of mutation]
  3532 | D:4      | Reached skill level 4 in Unarmed Combat
  3609 | D:4      | Reached XP level 6. HP: 33/50 MP: 10/12
  3878 | D:4      | Identified a cursed -3 club
  3878 | D:4      | Identified a +0 dagger
  3878 | D:4      | Identified a +0 robe
  3880 | D:4      | Identified a +0 whip
  3880 | D:4      | Identified a +0 scale mail
  3979 | D:4      | Identified a +1 hand axe of chopping
  4003 | D:4      | Identified a +0 dagger
  4003 | D:4      | Identified a +0 robe
  4004 | D:4      | Identified a cursed -2 dagger
  4004 | D:4      | Identified a +0 robe
  4043 | D:4      | Identified a +0 dagger
  4044 | D:4      | Identified a +0 whip
  4048 | D:4      | Identified a +0 flail
  4048 | D:4      | Identified a +0 chain mail
  4048 | D:4      | Noticed an orc warrior
  4064 | D:4      | HP: 11/50 [orc warrior/+0 flail (13)]
  4065 | D:4      | Slain by an orc warrior

Table legend:
 A = Turns spent in this place as a percentage of turns spent in the entire game.
 B = Non-inter-level travel turns spent in this place as a percentage of non-inter-level travel turns spent in the entire game.
 C = Inter-level travel turns spent in this place as a percentage of turns spent in this place.
 D = Turns resting spent in this place as a percentage of non-inter-level travel turns spent in this place.
 E = Turns spent auto-exploring this place as a percentage of non-inter-level travel turns spent in this place.
 F = Non-inter-level travel turns spent in this place divided by the number of levels of this place that you've seen.
                   A       B       C       D       E      F
               +-------+-------+-------+-------+-------+----------------------
         Total | 100.0 | 100.0 |   3.9 |  33.3 |  45.5 | 976.2
       Dungeon | 100.0 | 100.0 |   3.9 |  33.3 |  45.5 | 976.2
               +-------+-------+-------+-------+-------+----------------------

Table legend:
 A = Kills in this place as a percentage of kills in entire the game.
 B = Kills by you in this place as a percentage of kills by you in the entire game.
 C = Kills by friends in this place as a percentage of kills by friends in the entire game.
 D = Other kills in this place as a percentage of other kills in the entire game.
 E = Experience gained in this place as a percentage of experience gained in the entire game.
 F = Experience gained in this place divided by the number of levels of this place that you have seen.
                   A       B       C       D       E      F
               +-------+-------+-------+-------+-------+----------------------
         Total | 100.0 | 100.0 | 100.0 |   N/A | 100.0 | 166.8
       Dungeon | 100.0 | 100.0 | 100.0 |   N/A | 100.0 | 166.8
               +-------+-------+-------+-------+-------+----------------------

Skill      XL: |  1  2  3  4  5 |
---------------+----------------+-----
Dodging        | 2 |  2.7
Fighting       | 2 |  2.6
Transmutations | 3 |  3.9
Spellcasting   | 3 |  3.6
Poison Magic   | 1 |  1.8
Unarmed Combat | 4 |  4.4

Action                   |  1- 3 |  4- 6 || total
-------------------------+-------+-------++-------
Melee: Unarmed           |   122 |   177 ||   299
       Tailslap          |     9 |    19 ||    28
       Kick              |     3 |     8 ||    11
       Punch             |     1 |     2 ||     3
       Headbutt          |     2 |    13 ||    15
Throw: Boomerang         |    17 |    22 ||    39
 Cast: Beastly Appendage |     5 |    18 ||    23
       Sticks to Snakes  |     5 |    12 ||    17
  Use: Potion            |     1 |     1 ||     2
       Scroll            |       |    10 ||    10
  Eat: Chunk             |     3 |     5 ||     8
       Ration            |       |     1 ||     1
Armor: Skin              |    33 |    36 ||    69
Dodge: Dodged            |    57 |   136 ||   193
       Deflected         |       |     1 ||     1

Vanquished Creatures
  A bullfrog (D:4)
  2 scorpions (D:4)
  A hound (D:4)
  An iguana (D:4)
  An orc wizard (D:4)
  Natasha (D:2)
  3 gnolls (D:4)
  2 adders
  2 oozes
  2 worms (D:2)
  A dart slug (D:1)
  A leopard gecko (D:1)
  5 orcs
  4 bats
  3 giant cockroaches (D:1)
  9 goblins
  4 hobgoblins (D:1)
  A quokka (D:2)
  2 ball pythons
  6 frilled lizards
  4 kobolds
  7 rats
63 creatures vanquished.

Vanquished Creatures (collateral kills)
  2 orc wizards (D:4)
  Natasha (D:2)
  4 adders
  2 orcs (D:4)
  A kobold (D:2)
10 creatures vanquished.

Grand Total: 73 creatures vanquished
